Map: [ESL] Oceanborn

Players

Oliveira - Winner!

  • Race: Terran Terran
  • Spawn Location: 5:00

Classic

  • Race: Protoss Protoss
  • Spawn Location: 11:00

Event: ESL Spring 2024 Finals

VOD

Have the link to the VOD?

Description

Time

  • Played on: May 31, 2024, 10:25 a.m.
  • Length: 10:27

All games in this series

Show
View Real Time Build Order
Export as new Build Order

Oliveira Terran - Winner!

Build Orders: Cyclone Opening 

Get SALT Encoding   

  12  0:00  SCV  
  13  0:12  SCV  
  14  0:16  Supply Depot  
  14  0:24  SCV  
  15  0:38  SCV  
  15  0:40  Barracks  
  16  0:44  Refinery  
  16  0:50  SCV  
  16  0:55  Supply Depot  
  17  1:02  SCV  
  18  1:14  SCV  
  19  1:27  Orbital Command, Marine  
  20  1:46  Command Center  
  20  1:53  SCV  
  21  2:00  Factory  
  21  2:05  SCV  
  21  2:06  Barracks Reactor  
  22  2:15  Barracks  
  22  2:18  SCV  
  23  2:26  Refinery  
  23  2:30  SCV  
  24  2:42  SCV, Marine x2  
  27  2:44  Cyclone  
  29  2:54  SCV  
  30  2:59  Barracks  
  30  3:00  Orbital Command  
  30  3:03  Barracks Tech Lab  
  30  3:06  SCV  
  30  3:09  Marine  
  30  3:11  Marine  
  33  3:16  Factory Tech Lab  
  33  3:21  SCV  
  33  3:24  Marine, Stimpack  
  33  3:26  Orbital Command  
  35  3:31  Supply Depot  
  36  3:34  SCV  
  36  3:38  Siege Tank  
  36  3:41  Marine  
  39  3:42  Marine  
  39  3:46  SCV  
  42  3:48  Barracks Tech Lab  
  42  3:49  Marine  
  42  3:52  SCV  
  44  3:57  Supply Depot  
  44  4:00  SCV  
  44  4:01  Marine  
  44  4:02  Marine  
  47  4:04  SCV  
  47  4:08  Combat Shield  
  47  4:09  Marine  
  48  4:10  Marine  
  48  4:16  Siege Tank  
  53  4:18  SCV  
  53  4:20  SCV  
  53  4:23  Supply Depot  
  55  4:25  Marine x2  
  55  4:29  Marauder  
  59  4:32  Marauder  
  59  4:34  SCV  
  59  4:37  Supply Depot  
  62  4:44  SCV, Marine x2  
  65  4:46  Engineering Bay  
  65  4:47  SCV  
  65  4:52  Siege Tank  
  69  4:59  SCV, Marauder  
  73  5:02  Marine  
  73  5:03  SCV  
  73  5:04  Supply Depot  
  73  5:06  Marine  
  75  5:08  Marine  
  72  5:15  Terran Infantry Weapons Level 1  
  72  5:16  SCV  
  72  5:18  Refinery  
  72  5:20  Marine  
  72  5:24  SCV  
  69  5:30  SCV  
  69  5:33  Marine  
  69  5:34  Marine, Marauder  
  73  5:39  SCV  
  73  5:40  Siege Tank  
  73  5:42  SCV  
  74  5:51  Marine  
  74  5:54  SCV  
  74  5:56  Marine, Marauder  
  76  6:00  SCV  
  74  6:06  SCV, Marine  
  74  6:11  Marine  
  72  6:12  Siege Tank  
  72  6:17  Marauder  
  67  6:18  Marine  
  67  6:20  SCV  
  67  6:21  SCV  
  67  6:26  Marine  
  67  6:27  Starport  
  67  6:32  SCV  
  66  6:33  SCV  
  66  6:39  Marine, Marauder  
  65  6:43  Marine  
  65  6:44  Supply Depot, SCV, Marauder  
  65  6:45  Concussive Shells  
  65  6:46  SCV  
  68  6:50  Siege Tank  
  68  6:51  Refinery  
  68  6:53  Missile Turret  
  71  6:56  SCV  
  71  6:57  Marine  
  71  6:58  SCV  
  71  7:00  Marauder  
  76  7:01  Marine  
  76  7:04  Starport Reactor  
  76  7:07  Supply Depot  
  77  7:08  SCV  
  77  7:10  Marauder  
  77  7:11  SCV  
  77  7:12  Missile Turret  
  81  7:16  Supply Depot  
  81  7:20  Marine x2  
  81  7:22  Marauder  
  85  7:26  Siege Tank  
  88  7:32  Marauder  
  90  7:38  Marine  
  90  7:39  Supply Depot x2  
  90  7:41  Marine, Medivac x2  
  90  7:42  SCV  
  90  7:43  SCV  
  98  7:46  Terran Infantry Armor Level 1  
  98  7:48  Marauder  
  100  7:53  Marauder  
  100  7:56  Marine  
  103  8:03  Siege Tank  
  105  8:06  Supply Depot  
  104  8:13  Marine, Marauder  
  104  8:16  SCV x2  
  104  8:17  Medivac  
  109  8:24  Marine  
  110  8:27  Marine  
  110  8:31  Marine  
  110  8:33  SCV  
  113  8:34  SCV  
  82  9:04  Marine x2, Marauder  
  82  9:08  Siege Tank  
  82  9:09  Medivac  
  91  9:10  Medivac  
  91  9:11  SCV  
  91  9:15  Marine  
  89  9:28  SCV  
  89  9:31  Marine  
  91  9:35  SCV  
  92  9:40  SCV  
  92  9:42  Siege Tank  
  96  9:48  SCV  
  95  9:54  Marine x2  
  95  9:55  Marauder  
  98  10:03  SCV, Marauder  
Show
View Real Time Build Order
Export as new Build Order

Classic Protoss 

Build Orders: 1 Gate Expand, Blink Stalkers 

Get SALT Encoding   

  12  0:00  Probe  
  13  0:12  Probe  
  14  0:17  Pylon  
  14  0:24  Probe  
  15  0:35  Gateway  
  15  0:37  Probe (Chrono Boost)  
  16  0:46  Assimilator, Probe (Chrono Boost)  
  17  0:51  Probe (Chrono Boost)  
  18  1:03  Probe  
  19  1:15  Probe  
  20  1:22  Cybernetics Core  
  20  1:31  Nexus  
  20  1:37  Pylon  
  20  1:40  Probe  
  21  1:47  Assimilator  
  21  1:52  Probe  
  22  1:55  Adept (Chrono Boost)  
  22  1:58  Warp Gate  
  24  2:04  Probe  
  25  2:16  Probe  
  25  2:18  Stalker  
  28  2:28  Probe  
  29  2:33  Shield Battery  
  29  2:35  Twilight Council  
  29  2:42  Probe (Chrono Boost)  
  29  2:43  Probe (Chrono Boost)  
  31  2:48  Stalker  
  34  2:53  Probe (Chrono Boost)  
  34  2:54  Probe (Chrono Boost)  
  35  2:58  Probe (Chrono Boost)  
  35  2:59  Probe (Chrono Boost)  
  37  3:07  Gateway  
  37  3:09  Probe  
  37  3:10  Probe  
  37  3:11  Blink (Chrono Boost)  
  39  3:21  Probe  
  39  3:22  Probe  
  41  3:29  Robotics Facility  
  41  3:33  Probe  
  42  3:34  Probe  
  42  3:37  Gateway  
  42  3:41  Pylon  
  43  3:47  Stalker, Probe  
  46  3:52  Assimilator  
  46  3:55  Pylon  
  46  3:59  Probe x2  
  48  4:02  Stalker  
  48  4:07  Pylon  
  50  4:10  Stalker  
  50  4:11  Probe  
  50  4:14  Assimilator  
  53  4:17  Observer  
  53  4:19  Probe  
  53  4:23  Probe  
  56  4:32  Robotics Bay, Probe  
  56  4:35  Probe  
  58  4:41  Observer  
  58  4:44  Nexus  
  59  4:46  Pylon  
  59  4:49  Probe x2  
  61  4:58  Immortal (Chrono Boost)  
  62  5:05  Stalker x2  
  67  5:08  Stalker  
  69  5:18  Pylon  
  69  5:31  Pylon  
  69  5:33  Pylon  
  67  5:36  Stalker x3  
  77  5:45  Pylon  
  59  6:01  Stalker  
  59  6:02  Stalker  
  59  6:03  Probe x2  
  46  6:15  Probe x2  
  46  6:21  Gateway  
  46  6:24  Gateway, Pylon, Stalker x2  
  48  6:27  Probe x2  
  43  6:39  Probe x2  
  38  6:41  Robotics Facility  
  38  6:51  Probe  
  38  6:52  Probe  
  38  6:53  Stalker x2  
  44  7:00  Nexus  
  44  7:01  Pylon  
  44  7:04  Probe x2 (Chrono Boost)  
  44  7:05  Observer  
  44  7:06  Pylon  
  46  7:10  Observer  
  48  7:16  Sentry x2, Probe x2 (Chrono Boost)  
  48  7:21  Probe x2 (Chrono Boost)  
  53  7:30  Colossus (Chrono Boost)  
  53  7:35  Probe x2  
  53  7:36  Extended Thermal Lance  
  59  7:39  Charge  
  59  7:47  Shield Battery, Probe x2  
  61  7:51  Sentry  
  63  7:59  Probe x2  
  65  8:11  Probe x2, Colossus (Chrono Boost)  
  67  8:12  Zealot  
  67  8:13  Zealot  
  77  8:22  Probe  
  77  8:23  Probe x2  
  80  8:27  Zealot x2  
  80  8:31  Shield Battery  
  80  8:33  Sentry x2  
  84  8:48  Sentry x2  
  69  8:59  Zealot x2, Colossus (Chrono Boost)  
  63  9:09  Shield Battery  
  66  9:10  Shield Battery  
  66  9:11  Zealot x2  
  66  9:15  Shield Battery  
  68  9:17  Pylon  
  68  9:22  Zealot  
  63  9:25  Zealot  
  65  9:32  Zealot  
  65  9:33  Zealot  
  69  9:46  Zealot  
  69  9:51  Disruptor (Chrono Boost)  
  57  9:55  Zealot  
  57  9:58  Gateway  
  63  10:08  Zealot  
  63  10:11  Cybernetics Core  
Tags
 
Add a new tag
Caveats
  • Supply blocks, unpowered buildings, or Contaminate may cause inaccurate times.
  • Supply counts are checked every 10 seconds.